 Dungeon Crawl Stone Soup version 0.23.1 (webtiles) character file.

Game seed: 9712793773509252236

3 LostNumber the Ruffian (level 1, -4/18 HPs)
             Began as a Naga Transmuter on Mar 10, 2019.
             Slain by a kobold
             ... wielding a +0 whip
              (7 damage)
             ... on level 1 of the Dungeon.
             The game lasted 00:00:32 (356 turns).

LostNumber the Ruffian (Naga Transmuter)             Turns: 356, Time: 00:00:33

Health: -4/18      AC:  1    Str: 12    XL:     1   Next: 50%
Magic:  2/3        EV: 10    Int: 13    God:
Gold:   7          SH:  0    Dex: 11    Spells: 3/4 levels left

rFire    . . .     SeeInvis +     - Unarmed
rCold    . . .     Gourm    .   (no shield)
rNeg     . . .     Faith    .   b - +0 robe
rPois    +         Spirit   .   (no helmet)
rElec    .         Reflect  .   (no cloak)
rCorr    .         Harm     .   (no gloves)
MR       .....                  (no barding)
Stlth    +.........             (no amulet)
HPRegen  0.06/turn              (no ring)
MPRegen  0.08/turn              (no ring)

@: appendage (expiring), very slow
A: large, horns 2, see invisible, deformed body, poison resistance, slowness 2,
slow metabolism 1, spit poison 1, AC +0
a: Spit Poison, End Transformation


You were on level 1 of the Dungeon.
You were not hungry.
You had grown temporary horns.
You visited 1 branch of the dungeon, and saw 1 of its levels.

You collected 7 gold pieces.

Inventory:

Missiles
 a - 12 arrows
Armour
 b - a +0 robe (worn)
Comestibles
 e - a ration {!d}


   Skills:
 + Level 1.1 Fighting
 - Level 1.5 Dodging
 * Level 3.1 Unarmed Combat
 - Level 2.0 Spellcasting
 - Level 2.0 Transmutations


You had 3 spell levels left.
You knew the following spells:

 Your Spells              Type           Power        Failure   Level  Hunger
a - Beastly Appendage     Tmut           #.....       11%         1    ##.....

Your spell library contained the following spells:

 Spells                   Type           Power        Failure   Level  Hunger
 Sticks to Snakes         Tmut           #.......     17%         2    ###....
 Spider Form              Tmut/Pois      #.........   45%         3    ####...
 Ice Form                 Ice/Tmut       #.......     86%         4    #####..
 Blade Hands              Tmut           #.........   97%         5    ######.


Dungeon Overview and Level Annotations

Branches:
Dungeon (1/15)

Altars:


Innate Abilities, Weirdness & Mutations

You cannot wear boots.
Your serpentine skin is tough. (AC +0)
You have supernaturally acute eyesight. (SInv)
Armour fits poorly on your strangely shaped body.
Your system is resistant to poisons. (rPois)
You cover ground very slowly.
You have a slow metabolism.
You can spit poison.
You have a pair of horns on your head.


Message History

You start resting.
Your horns disappear.
You start resting.
A bat comes into view.
A bat is nearby!
A bat is nearby!
Unknown command.
You grow a pair of large bovine horns.
The bat hits you. The bat barely misses you.
Your transformation is almost over.
No target in view!
Unknown command.
No target in view!
Unknown command.
No target in view!
No target in view!
A kobold comes into view. It is wielding a +0 dagger.
The bat hits you but does no damage.
The kobold throws a stone.
The stone hits you but does no damage.
You see here a stone.
There are monsters nearby!
You closely miss the bat. The bat closely misses you.
The kobold throws a stone.
The stone barely misses you. The bat hits you.
The bat hits you but does no damage.
The kobold throws a stone.
The stone hits you.
You see here a stone.
There are monsters nearby!
The bat hits you but does no damage. The bat hits you.
You barely miss the bat. The bat barely misses you.
The kobold throws a stone.
The stone hits you but does no damage. The bat hits you.
The kobold throws a stone.
The stone closely misses you.
You see here a stone.
A kobold comes into view. It is wielding a +0 whip.
The kobold shouts!
The bat hits you but does no damage.
Your horns disappear.
The bat hits you. The bat hits you.
You grow a pair of large bovine horns.
The bat closely misses you. The bat barely misses you.
The kobold completely misses you.
The bat closely misses you. x2; The kobold hits you with a +0 whip.
* * * LOW HITPOINT WARNING * * *
The bat hits you.
* * * LOW HITPOINT WARNING * * *
The bat barely misses you.
Your transformation is almost over.
The bat hits you but does no damage. The kobold barely misses you.
The bat barely misses you. The bat closely misses you.
The kobold hits you with a +0 whip!
You die...

.#####........##........#####.
.P............##..#.##....# .
..♣....?......#.....##.##.##..
♣PP...........##............
♣............####...........
♣♣♣P.......b#####...........
♣♣PP.....K...(....<.......
♣.P....#K#...............
P.P.##..#@##.#.........###
..P......#....#.........#
P.#####.....###........##
....... #......###
......#..........
.........#...... ...........
...........#.


You could see a bat and 2 kobolds.

Vanquished Creatures
  A bat (D:1)
  A hobgoblin (D:1)
  A kobold (D:1)
3 creatures vanquished.

Notes
Turn   | Place    | Note
-------+----------+-------------------------------------------
     0 | D:1      | LostNumber the Naga Transmuter began the quest for the Orb.
     0 | D:1      | Reached XP level 1. HP: 18/18 MP: 3/3
   356 | D:1      | Slain by a kobold

Action                   || total
-------------------------++-------
Melee: Unarmed           ||    10
 Cast: Beastly Appendage ||     4
Armor: Robe              ||     7
Dodge: Dodged            ||    18
